[Event "Team 45 45 League T69"]
[Site "Internet Chess Club"]
[Date "2016.06.08"]
[Round "1"]
[White "deancorso1"]
[Black "LarsenB"]
[Result "1-0"]
[WhiteElo "1885"]
[BlackElo "1852"]
[Opening "Benoni defense"]
[ECO "A61"]
[Time "13:03:18"]
[TimeControl "2700+45"]

1. d4 Nf6 2. c4 c5 3. d5 e6 4. Nc3 exd5 5. cxd5 a6 6. e4 d6 7. Nf3 g6 8. Bd3 b5
9. O-O Bg7 10. Bf4 O-O 11. h3 Re8 12. Re1 Qb6 13. Qd2 Nbd7 14. Rad1 c4 15. Bc2
Nc5 16. e5 dxe5 17. Bxe5 Bd7 18. Qd4 Nh5 19. Bxg7 Nxg7 20. Ne4 Rxe4 21. Bxe4 Qd6
22. Qe5 Nxe4 23. Rxe4 Qb4 24. Qc3 Qa4 25. b3 Qxa2 26. bxc4 bxc4 27. Rxc4 Bb5 28.
Rc8+ Rxc8 29. Qxc8+ Ne8 30. Qc5 Be2 31. Re1 Nf6 32. Qe3 Bxf3 33. Qxf3 Nxd5 34.
Rd1 Ne7 35. Qf6 {Black resigns} 1-0

[Event "Team 45 45 League T69"]
[Site "Internet Chess Club"]
[Date "2016.06.11"]
[Round "1"]
[White "ChessRooklift"]
[Black "drbishop"]
[Result "0-1"]
[WhiteElo "1771"]
[BlackElo "1811"]
[Opening "Nimzovich-Larsen attack: modern variation"]
[ECO "A01"]
[Time "13:03:35"]
[TimeControl "2700+45"]

1. b3 e5 2. Bb2 Nc6 3. e3 d5 4. Bb5 Bd6 5. f4 f6 6. fxe5 fxe5 7. Nf3 Qe7 8.
Bxc6+ bxc6 9. Nxe5 h5 10. Ng6 Qe4 11. Nxh8 Bg4 12. O-O Bxd1 13. Nc3 Qh4 14. g3
Bxg3 15. Rf8+ Kd7 16. Rf7+ Ne7 17. Rxe7+ Kc8 18. hxg3 Qxg3+ 19. Kf1 Bf3 20. Ne2
Qg2+ {White resigns} 0-1

[Event "Team 45 45 League T69"]
[Site "Internet Chess Club"]
[Date "2016.06.12"]
[Round "1"]
[White "roji"]
[Black "backrankbrawler"]
[Result "1-0"]
[WhiteElo "1838"]
[BlackElo "1715"]
[Opening "Queen's pawn: London system"]
[ECO "A45"]
[Time "21:36:13"]
[TimeControl "2700+45"]

1. d4 Nf6 2. Bf4 e6 3. Nf3 c5 4. c3 d5 5. e3 Bd6 6. Ne5 O-O 7. Bd3 b6 8. Nd2 Qc7
9. Ndf3 h6 10. h3 Nbd7 11. O-O Bb7 12. Nxd7 Nxd7 13. Bxd6 Qxd6 14. Qe2 e5 15.
dxe5 Nxe5 16. Nxe5 Qxe5 17. Rad1 Rfe8 18. Qf3 g6 19. Bc2 Rad8 20. Bb3 Re7 21.
Qg4 Bc8 22. Qh4 Kg7 23. Rxd5 Rxd5 24. Bxd5 g5 25. Qc4 h5 26. e4 h4 27. Qd3 g4
28. hxg4 Bxg4 29. f4 Qh5 30. Rf2 Rd7 31. c4 Rd6 32. e5 Rd8 33. a3 Bf5 34. Qc3
Kh6 35. e6 Rg8 36. Qf6+ Qg6 37. Qxh4+ Kg7 38. exf7 Rf8 39. Re2 Bg4 40. Re5 Qb1+
41. Kh2 Bf5 42. Re8 Bg6 43. Rxf8 Kxf8 44. Qd8+ {Black resigns} 1-0

[Event "Team 45 45 League T69"]
[Site "Internet Chess Club"]
[Date "2016.06.10"]
[Round "1"]
[White "Yedixon"]
[Black "PJ"]
[Result "1-0"]
[WhiteElo "1701"]
[BlackElo "1621"]
[Opening "Ruy Lopez: Steinitz defense deferred (Russian defense)"]
[ECO "C79"]
[Time "15:00:30"]
[TimeControl "2700+45"]

1. e4 e5 2. Nf3 Nc6 3. Bb5 a6 4. Ba4 Nf6 5. O-O d6 6. d4 b5 7. dxe5 dxe5 8.
Qxd8+ Nxd8 9. Bb3 Bd6 10. c3 Bb7 11. Nbd2 O-O 12. Re1 c5 13. Nh4 Ne6 14. Nf5
Rad8 15. Bxe6 fxe6 16. Nxd6 Rxd6 17. f3 c4 18. Nf1 h6 19. Be3 Rd3 20. Rad1 Rfd8
21. Rxd3 Rxd3 22. Kf2 Kf7 23. Ke2 Ke7 24. Bc5+ Ke8 25. Ne3 g5 26. Rd1 Nd7 27.
Ba3 Rxd1 28. Kxd1 Nf6 29. Bd6 Kf7 30. Bxe5 Nd7 31. Bd6 Kg6 32. Ke2 h5 33. h3 Nf6
34. g4 hxg4 35. hxg4 Kf7 36. Nc2 Ne8 37. Bc5 e5 38. Ne3 Kf6 39. Nf5 Nc7 40. Be7+
Kg6 41. Bd6 Ne6 42. Bxe5 Nc5 43. Nd6 Ba8 44. Bd4 Nd3 45. b3 cxb3 46. Kxd3 {Black
resigns} 1-0

[Event "Team 45 45 League T69"]
[Site "Internet Chess Club"]
[Date "2016.06.13"]
[Round "1"]
[White "fishhead"]
[Black "Freitac"]
[Result "0-1"]
[WhiteElo "1781"]
[BlackElo "1974"]
[Opening "Caro-Kann: two knights, 3...Bg4"]
[ECO "B10"]
[Time "19:09:13"]
[TimeControl "2700+45"]

1. e4 c6 2. Nf3 d5 3. Nc3 Bg4 4. h3 Bxf3 5. Qxf3 Nf6 6. e5 Nfd7 7. Qe2 e6 8. f4
Qh4+ 9. Qf2 Qxf2+ 10. Kxf2 Bc5+ 11. Kf3 Nb6 12. Ne2 N8d7 13. d4 Be7 14. b3 O-O
15. g4 f6 16. Kg2 fxe5 17. fxe5 Rf7 18. Be3 Raf8 19. Ng1 Bh4 20. Be2 Rf2+ 21.
Bxf2 Rxf2# {White checkmated} 0-1

[Event "Team 45 45 League T69"]
[Site "Internet Chess Club"]
[Date "2016.06.10"]
[Round "1"]
[White "santiagoelawad"]
[Black "room-matt"]
[Result "1-0"]
[WhiteElo "1968"]
[BlackElo "1817"]
[Opening "English opening"]
[ECO "A16"]
[Time "15:09:54"]
[TimeControl "2700+45"]

1. c4 Nf6 2. Nc3 g6 3. Nf3 Bg7 4. g3 O-O 5. Bg2 d6 6. O-O e5 7. d4 exd4 8. Nxd4
Nbd7 9. b3 Re8 10. Bb2 Ne5 11. Qd2 Rb8 12. h3 Bd7 13. Kh2 Qe7 14. Nd5 Nxd5 15.
cxd5 c5 16. dxc6 Nxc6 17. Nxc6 Bxc6 18. Bxg7 Bxg2 19. Kxg2 Kxg7 20. e3 Qe5 21.
Rfd1 Re6 22. Rac1 h5 23. Qd4 a5 24. Rc7 Qxd4 25. Rxd4 b6 26. Rc6 d5 27. Rc7 Rd8
28. Kf3 g5 29. h4 g4+ 30. Ke2 Kg6 31. Rf4 f5 32. Rd4 Kf6 33. Rb7 Rc6 34. Kd2
Rdd6 35. Rh7 Kg6 36. Rh8 Rd7 37. Rg8+ Kh6 38. Rf8 Kg6 39. Rf4 Rf6 40. Rg8+ Kh6
41. Rg5 Rdf7 42. Kd3 Rf8 43. Kd4 a4 44. bxa4 Ra8 45. Ke5 Rf7 46. Kxd5 Ra5+ 47.
Kc6 Rf6+ 48. Kb7 Re5 49. Rb4 Re4 50. Rxb6 Rxb6+ 51. Kxb6 Rxa4 52. Rxf5 Rxa2 53.
e4 Rb2+ 54. Kc7 Re2 55. Rf4 Kg6 56. Kd6 Ra2 57. Ke5 Ra5+ 58. Kd4 Ra4+ 59. Kc5
Ra5+ 60. Kb4 Re5 61. Kc4 Re8 62. Kd4 Rd8+ 63. Ke3 Re8 64. Rf5 Re7 65. Rg5+ Kh6
66. e5 Re6 67. Ke4 Re7 68. Rf5 Kg6 69. Rf6+ Kg7 70. Kf5 Re8 71. e6 Ra8 72. Rf7+
Kh6 73. Kf6 Ra2 74. e7 Rxf2+ 75. Ke6 Re2+ 76. Kd7 Rd2+ 77. Ke8 Kg6 78. Kf8
{Black resigns} 1-0

[Event "Team 45 45 League T69"]
[Site "Internet Chess Club"]
[Date "2016.06.13"]
[Round "1"]
[White "Goli"]
[Black "Portola"]
[Result "0-1"]
[WhiteElo "1778"]
[BlackElo "1834"]
[Opening "French: exchange variation"]
[ECO "C01"]
[Time "16:00:17"]
[TimeControl "2700+45"]

1. e4 e6 2. d4 d5 3. exd5 exd5 4. Bd3 Nf6 5. Bg5 Be7 6. h3 Nbd7 7. Nf3 O-O 8.
O-O c6 9. Re1 Re8 10. Nbd2 b6 11. Qe2 Bb7 12. Bxh7+ Kxh7 13. Nh4 Kg8 14. Nf5 Bf8
15. Qf3 Re6 16. Rxe6 fxe6 17. Nh4 Qe8 18. Re1 Qf7 19. Qg3 Rc8 20. f4 Ne4 21.
Nxe4 dxe4 22. Rxe4 c5 23. Re2 cxd4 24. Qd3 Nf6 25. Ng6 Bd6 26. f5 exf5 27. Qxf5
Rc5 28. Qd3 Rxg5 29. Qxd4 Bc5 {White resigns} 0-1

[Event "Team 45 45 League T69"]
[Site "Internet Chess Club"]
[Date "2016.06.13"]
[Round "1"]
[White "Hal2001"]
[Black "zap2"]
[Result "0-1"]
[WhiteElo "1673"]
[BlackElo "1765"]
[Opening "Pirc defense"]
[ECO "B07"]
[Time "14:01:36"]
[TimeControl "2700+45"]

1. e4 d6 2. d4 Nf6 3. Nc3 e5 4. dxe5 dxe5 5. Qxd8+ Kxd8 6. Bg5 c6 7. O-O-O+ Ke8
8. Bxf6 gxf6 9. Bc4 Rg8 10. g3 Bc5 11. Rd2 Be6 12. Bxe6 fxe6 13. Nf3 Nd7 14. Ne1
Bb4 15. Rd3 Ke7 16. a3 Ba5 17. b4 Bb6 18. Rf1 a5 19. Na4 axb4 20. Nxb6 Nxb6 21.
axb4 Ra1+ 22. Kb2 Rga8 23. f4 Nc4+ 24. Kc3 b5 {White resigns} 0-1

[Event "Team 45 45 League T69"]
[Site "Internet Chess Club"]
[Date "2016.06.12"]
[Round "1"]
[White "lacibacsi"]
[Black "jerryicc"]
[Result "1/2-1/2"]
[WhiteElo "2064"]
[BlackElo "1843"]
[Opening "Four knights: Scotch, 4...exd4"]
[ECO "C47"]
[Time "04:01:09"]
[TimeControl "2700+45"]

1. e4 e5 2. Nf3 Nc6 3. Nc3 Nf6 4. d4 exd4 5. Nxd4 Bc5 6. Nxc6 bxc6 7. Bc4 O-O 8.
O-O d6 9. Qf3 Bb7 10. Rd1 Bc8 11. h3 Be6 12. Bb3 Nd7 13. Na4 Bb6 14. Be3 Bxe3
15. Qxe3 Rb8 16. Nc3 Nc5 17. Rab1 Re8 18. Bxe6 Nxe6 19. b4 Qf6 20. Ne2 a5 21.
bxa5 Ra8 22. Nd4 Nxd4 23. Qxd4 Qxd4 24. Rxd4 Rxa5 25. Rb7 Rc8 26. Rdb4 g6 27.
Rb2 {Game drawn by mutual agreement} 1/2-1/2

[Event "Team 45 45 League T69"]
[Site "Internet Chess Club"]
[Date "2016.06.10"]
[Round "1"]
[White "qingjoshua"]
[Black "Tobiasdelmonte"]
[Result "1-0"]
[WhiteElo "1789"]
[BlackElo "1748"]
[Opening "Petrov: Nimzovich attack"]
[ECO "C42"]
[Time "23:00:29"]
[TimeControl "2700+45"]

1. e4 e5 2. Nf3 Nf6 3. Nxe5 d6 4. Nf3 Nxe4 5. Nc3 Nxc3 6. dxc3 Be7 7. Be3 Be6 8.
Qd2 Nc6 9. Be2 Qd7 10. a3 a6 11. O-O-O O-O-O 12. Rhe1 h6 13. Nd4 Bd5 14. Nxc6
Bxc6 15. f3 Bf6 16. Bc4 Kb8 17. Kb1 Rhe8 18. Bf2 Bb5 19. Bxb5 Qxb5 20. Bd4 Qf5
21. Bxf6 Qxf6 22. Qd4 Qg5 23. Qg4 Qxg4 24. fxg4 Kc8 25. Kc1 Re5 26. Rf1 f6 27.
Rde1 Rde8 28. Kd2 Kd7 29. g3 Rd5+ 30. Kc1 Ree5 31. h4 Ke6 32. b3 Rxe1+ 33. Rxe1+
Re5 34. Kd2 Rxe1 35. Kxe1 Ke5 36. Kf2 Ke4 37. Ke2 d5 38. h5 c6 39. a4 c5 40. a5
f5 41. gxf5 Kxf5 42. Kf3 Ke5 43. g4 Ke6 44. Ke3 Ke5 45. Kf3 Ke6 46. c4 d4 47.
Ke4 Kf6 48. Kf4 g5+ 49. hxg6 Kxg6 50. Ke4 Kg5 51. Kf3 Kg6 52. Kf4 Kf6 53. Ke4
Kg5 54. Kf3 Kh4 55. Kf4 Kh3 56. g5 hxg5+ 57. Kxg5 Kg3 58. Kf5 Kf3 59. Ke5 Ke2
60. Kd5 Kd2 61. Kxc5 Kxc2 62. Kxd4 Kxb3 63. Kc5 Ka4 64. Kb6 Kb4 65. Kxb7 Kc5 66.
Kxa6 Kc6 67. c5 Kc7 68. Kb5 Kb7 69. a6+ Ka7 70. Kc6 Kb8 {Black resigns} 1-0

[Event "Team 45 45 League T69"]
[Site "Internet Chess Club"]
[Date "2016.06.11"]
[Round "1"]
[White "JPSVI"]
[Black "AH2012"]
[Result "1-0"]
[WhiteElo "1469"]
[BlackElo "1647"]
[Opening "Bird's opening"]
[ECO "A02"]
[Time "14:24:25"]
[TimeControl "2700+45"]

1. f4 Nf6 2. Nf3 g6 3. g3 Bg7 4. Bg2 O-O 5. d3 c5 6. O-O Nc6 7. Nc3 d5 8. Ne5
Bd7 9. Nxd7 Qxd7 10. e4 d4 11. Na4 b6 12. e5 Ne8 13. Qf3 Rc8 14. b3 Na5 15. Bd2
Nc6 16. c4 Nb8 17. Rae1 Nc7 18. b4 Ne6 19. f5 Nd8 20. Nb2 Ndc6 21. f6 Bh8 22. b5
Nxe5 23. Rxe5 Bxf6 24. Ree1 Bg7 25. Qd5 Qxd5 26. Bxd5 e6 27. Bg2 Nd7 28. Nd1 Ne5
29. Nf2 Rcd8 30. Bf4 Nd7 31. Ng4 Rfe8 32. Ne5 Nxe5 33. Bxe5 Bxe5 34. Rxe5 Kg7
35. g4 Re7 36. g5 h6 37. h4 h5 38. Rf6 Rd6 39. Bc6 Rc7 40. Kg2 Re7 41. Kf3 Rc7
42. Kf4 Re7 43. Re1 a6 44. Ke5 Rd8 45. bxa6 Ra7 46. Bb7 Rd7 47. Ref1 Kg8 48. Bc6
Rdc7 49. Be8 Rxa6 50. Bxf7+ Kh8 51. R1f2 Ra3 52. Bxg6 Rxd3 53. Bxd3 {Black
resigns} 1-0

[Event "Team 45 45 League T69"]
[Site "Internet Chess Club"]
[Date "2016.06.10"]
[Round "1"]
[White "anishio"]
[Black "fireball"]
[Result "0-1"]
[WhiteElo "1670"]
[BlackElo "1554"]
[Opening "French: Tarrasch, closed variation, main line"]
[ECO "C06"]
[Time "15:00:29"]
[TimeControl "2700+45"]

1. e4 e6 2. d4 d5 3. Nd2 Nf6 4. e5 Nfd7 5. Bd3 c5 6. c3 Nc6 7. Ne2 cxd4 8. cxd4
Bb4 9. O-O O-O 10. Nf3 Be7 11. Qc2 f5 12. exf6 Nxf6 13. a3 Bd7 14. Ng5 h6 15.
Nh7 Nxh7 16. Bxh7+ Kh8 17. Qg6 Rf6 18. Qc2 Rc8 19. Qb1 Bd6 20. Bd3 Qe8 21. Be3
e5 22. f3 e4 23. fxe4 dxe4 24. Bxe4 Re6 25. Nc3 Qh5 26. g3 Na5 27. d5 Re7 28.
Bxa7 Nc4 29. Bd4 Nd2 30. Qd1 Qxd1 31. Raxd1 Nxe4 32. Nxe4 Rxe4 33. Rf7 Rxd4 34.
Rxd4 Bc5 35. Rxd7 Bxd4+ 36. Kf1 Rc2 37. Rxb7 Bxb2 38. d6 Bxa3 39. d7 Be7 40.
Rb8+ Kh7 41. d8=Q Bxd8 42. Rxd8 Rxh2 43. Kg1 Ra2 44. Rf8 h5 45. Rf2 Rxf2 46.
Kxf2 Kg6 47. Kf3 Kg5 48. Kf2 Kg4 49. Kg2 g5 50. Kf2 Kh3 51. Kf3 g4+ 52. Kf4 Kg2
53. Kg5 Kxg3 54. Kxh5 Kf3 55. Kh4 g3 56. Kh3 g2 {White resigns} 0-1

[Event "Team 45 45 League T69"]
[Site "Internet Chess Club"]
[Date "2016.06.09"]
[Round "1"]
[White "deancorso1"]
[Black "JJ12"]
[Result "0-1"]
[WhiteElo "1879"]
[BlackElo "2141"]
[Opening "Benoni defense"]
[ECO "A56"]
[Time "13:20:46"]
[TimeControl "2700+45"]

1. d4 Nf6 2. c4 c5 3. e3 g6 4. Nc3 Bg7 5. Nf3 O-O 6. Bd3 d6 7. O-O Nc6 8. h3 e5
9. d5 Ne7 10. e4 Ne8 11. Be3 f5 12. a3 f4 13. Bd2 h6 14. b4 b6 15. bxc5 dxc5 16.
Qc2 Nd6 17. a4 a5 18. Rfb1 Bd7 19. Rb3 g5 20. Rab1 Nec8 21. Nh2 Be8 22. Be2 Ra7
23. R3b2 Bf6 24. Ng4 h5 25. Nxf6+ Rxf6 26. Nb5 Nxb5 27. cxb5 Nd6 28. Bc3 Qe7 29.
f3 Rg6 30. Kf2 g4 31. hxg4 Qh4+ 32. Kg1 hxg4 33. fxg4 Rh7 34. Bxe5 Qh2+ 35. Kf1
Nf7 36. Bc3 Ng5 37. Be1 Qh1+ 38. Kf2 f3 39. Bxf3 Rf6 40. Qd1 Qh2 41. Ke3 Bg6 42.
Re2 Nxf3 43. gxf3 Rxf3+ 44. Kd2 Qf4+ 45. Kc2 Bxe4+ 46. Kb2 Qe5+ 47. Kc1 Rc3+ 48.
Bxc3 Qxc3+ 49. Rc2 Bxc2 {White resigns} 0-1

[Event "Team 45 45 League T69"]
[Site "Internet Chess Club"]
[Date "2016.06.10"]
[Round "1"]
[White "jt2000"]
[Black "Agarnez"]
[Result "1/2-1/2"]
[WhiteElo "2013"]
[BlackElo "1966"]
[Opening "French: Chigorin variation"]
[ECO "C00"]
[Time "20:13:49"]
[TimeControl "2700+45"]

1. e4 e6 2. Qe2 Nc6 3. Nf3 e5 4. g3 Nf6 5. Bg2 Bc5 6. O-O d6 7. d3 Bg4 8. c3 Qd7
9. Be3 O-O 10. Qc2 a5 11. Nbd2 Rad8 12. d4 exd4 13. cxd4 Bb6 14. Nc4 Ba7 15. d5
Nb4 16. Qb1 Bxe3 17. Nxe3 Rfe8 18. Nd2 Bh3 19. a3 Na6 20. f3 Bxg2 21. Kxg2 Qb5
22. Rf2 c6 23. dxc6 bxc6 24. Qf1 Qxf1+ 25. Raxf1 d5 26. Nc2 Rb8 27. exd5 Nxd5
28. Nc4 Nc5 29. Nd4 Nb3 30. Nxb3 Rxb3 31. Rc1 Reb8 32. Nxa5 Rxb2 33. Nxc6 Rxf2+
34. Kxf2 Rb2+ 35. Kg1 h6 36. Ra1 Rb3 37. Kg2 Ne3+ 38. Kf2 Nc2 39. Ra2 Nxa3 40.
Ne5 f6 41. Ng4 Rc3 42. Ne3 Nc4 43. Nf5 Na3 44. Ne3 Kh7 45. Ke2 Kg6 46. f4 h5 47.
Nd5 Rc2+ 48. Rxc2 Nxc2 49. Kd3 Na3 50. Nc7 Kf5 51. Ne8 g5 52. fxg5 fxg5 53. h3
Nb5 54. Ng7+ Kg6 55. Ne6 Kf6 56. Nd8 Kf5 57. Ke3 Nd6 58. Nc6 Nc4+ 59. Kd4 Nd2
60. Ke3 {Game drawn by mutual agreement} 1/2-1/2

[Event "Team 45 45 League T69"]
[Site "Internet Chess Club"]
[Date "2016.06.11"]
[Round "1"]
[White "gaucholoco"]
[Black "Capt-Morgan"]
[Result "1-0"]
[WhiteElo "1953"]
[BlackElo "1872"]
[Opening "French: Fort Knox variation"]
[ECO "C03"]
[Time "18:02:06"]
[TimeControl "2700+45"]

1. e4 e6 2. d4 d5 3. Nd2 dxe4 4. Nxe4 Bd7 5. Nf3 Bc6 6. Bd3 Nd7 7. O-O Be7 8. c4
Ngf6 9. Ng3 Bxf3 10. Qxf3 c6 11. b3 c5 12. Bb2 b6 13. Rad1 cxd4 14. Bxd4 O-O 15.
Bxf6 Bxf6 16. Bxh7+ Kxh7 17. Qd3+ g6 18. Qxd7 Qb8 19. Ne4 Be5 20. g3 a6 21. Rfe1
Kg8 22. Qe7 Ra7 23. Qh4 Kg7 24. Rd3 Rh8 25. Qg5 f5 26. Red1 Rf8 27. Nc3 Bf6 28.
Qe3 e5 29. Nd5 Bd8 30. f4 e4 31. R3d2 Rd7 32. Qc3+ Kh6 33. Qb4 Rff7 34. c5 Qb7
35. Qc3 bxc5 36. Qh8+ Rh7 37. Qf8+ Rdg7 38. Qxd8 {Black resigns} 1-0

[Event "Team 45 45 League T69"]
[Site "Internet Chess Club"]
[Date "2016.06.11"]
[Round "1"]
[White "laurenpar"]
[Black "NashGames"]
[Result "0-1"]
[WhiteElo "1951"]
[BlackElo "2032"]
[Opening "English: four knights system"]
[ECO "A28"]
[Time "23:00:40"]
[TimeControl "2700+45"]

1. c4 e5 2. Nc3 Nf6 3. Nf3 Nc6 4. d4 exd4 5. Nxd4 Bb4 6. Nxc6 bxc6 7. Bg5 h6 8.
Bh4 O-O 9. e3 c5 10. Qf3 Bxc3+ 11. bxc3 Rb8 12. Bxf6 Qxf6 13. Qxf6 gxf6 14.
O-O-O f5 15. Be2 d6 16. Kc2 Kg7 17. Rb1 Bb7 18. Rb5 Be4+ 19. Bd3 Bc6 20. Ra5 Kf6
21. Rb1 Rxb1 22. Kxb1 Bxg2 23. Rxa7 Rg8 24. Rxc7 Bh1 25. Be2 Be4+ 26. Kc1 Rg2
27. Bh5 Rxf2 28. a4 Rxh2 29. Bxf7 Rc2+ 30. Kd1 Rxc3 31. Kd2 Ra3 32. Ra7 Rb3 33.
Be8 Rb8 34. Bb5 Rh8 35. Ke2 h5 36. Kf2 h4 37. Kg1 Rg8+ 38. Kf2 Rg2+ 39. Kf1 h3
{White resigns} 0-1

[Event "Team 45 45 League T69"]
[Site "Internet Chess Club"]
[Date "2016.06.11"]
[Round "1"]
[White "hood"]
[Black "Jack-ONeill"]
[Result "0-1"]
[WhiteElo "1879"]
[BlackElo "2042"]
[Opening "French: Tarrasch, open variation"]
[ECO "C07"]
[Time "14:01:14"]
[TimeControl "2700+45"]

1. e4 e6 2. d4 d5 3. Nd2 c5 4. exd5 Qxd5 5. Ngf3 cxd4 6. Bc4 Qd6 7. O-O Nf6 8.
Re1 Nc6 9. Nb3 a6 10. Nbxd4 Nxd4 11. Nxd4 Qc7 12. Be2 Bd6 13. g3 O-O 14. c3 e5
15. Nf3 Bf5 16. Nh4 Be6 17. Bd3 Rad8 18. Qc2 h6 19. Nf5 Bc5 20. Ne3 Rfe8 21. b4
Ba7 22. Bb2 e4 23. Bxe4 Nxe4 24. Qxe4 Bxa2 25. Qg4 Be6 26. Nf5 Bxf5 27. Qxf5 Qc4
28. Rad1 Rxd1 29. Rxd1 Bb6 30. Rd2 Re1+ 31. Kg2 Qf1+ 32. Kf3 Qh1+ 33. Kg4 Re6
34. f4 h5+ 35. Kh3 Qf1+ 36. Kh4 Rg6 37. Qf6 {White resigns} 0-1

[Event "Team 45 45 League T69"]
[Site "Internet Chess Club"]
[Date "2016.06.09"]
[Round "1"]
[White "Ptzz"]
[Black "dp15"]
[Result "0-1"]
[WhiteElo "1997"]
[BlackElo "2000"]
[Opening "Caro-Kann: Panov-Botvinnik, normal variation"]
[ECO "B13"]
[Time "13:00:40"]
[TimeControl "2700+45"]

1. c4 c6 2. e4 d5 3. exd5 cxd5 4. d4 Nf6 5. Nc3 Nc6 6. Bg5 e6 7. Nf3 Be7 8. c5
h6 9. Bh4 b6 10. Bb5 Bd7 11. Qa4 Qc8 12. Ne5 Nxe5 13. dxe5 Bxb5 14. Nxb5 Nd7 15.
Bxe7 Kxe7 16. cxb6 axb6 17. Qh4+ g5 18. Qb4+ Qc5 19. Qb3 Qc4 20. Qxc4 dxc4 21.
O-O Nxe5 22. f4 Nd3 23. f5 Nxb2 24. f6+ Kd7 25. Rf2 Nd3 26. Rc2 Rhc8 27. Rd1 Rc5
28. Nc3 Re5 29. Ne2 b5 30. Nc1 Ra3 31. Rcd2 Rd5 32. Nxd3 Raxd3 {White resigns}
0-1

[Event "Team 45 45 League T69"]
[Site "Internet Chess Club"]
[Date "2016.06.10"]
[Round "1"]
[White "joebobpop"]
[Black "Holgate"]
[Result "0-1"]
[WhiteElo "1909"]
[BlackElo "2010"]
[Opening "Sicilian: Najdorf, Byrne (English) attack"]
[ECO "B90"]
[Time "15:03:51"]
[TimeControl "2700+45"]

1. e4 c5 2. Nf3 d6 3. d4 cxd4 4. Nxd4 Nf6 5. Nc3 a6 6. Be3 e5 7. Nb3 Be6 8. f3
Be7 9. Qd2 O-O 10. O-O-O Nbd7 11. g4 b5 12. h4 Nb6 13. h5 b4 14. Nb1 a5 15. Qf2
Nfd7 16. h6 g6 17. Bxb6 Nxb6 18. Nc5 Bg5+ 19. Nd2 dxc5 20. Qxc5 Nd7 21. Qb5 Qc7
22. Kb1 Rfc8 23. Bd3 Rab8 24. Qa6 Nc5 {White resigns} 0-1

[Event "Team 45 45 League T69"]
[Site "Internet Chess Club"]
[Date "2016.06.09"]
[Round "1"]
[White "Tobiasdelmonte"]
[Black "soccerisfun"]
[Result "1/2-1/2"]
[WhiteElo "1764"]
[BlackElo "1859"]
[Opening "King's Indian: London system"]
[ECO "A48"]
[Time "23:00:31"]
[TimeControl "2700+45"]

1. d4 Nf6 2. Nf3 g6 3. Bf4 Bg7 4. e3 d6 5. Be2 O-O 6. c4 Nc6 7. O-O Bf5 8. Nc3
a5 9. h3 h5 10. Nh4 Bd7 11. Rc1 Nh7 12. Bh2 e5 13. dxe5 Qxh4 14. exd6 cxd6 15.
Bxd6 Rfd8 16. Nd5 Be6 17. Nc7 Rac8 18. Nxe6 fxe6 19. c5 Kf7 20. Rc4 Qg5 21. Qb3
Rd7 22. Rf4+ Nf6 23. h4 Qh6 24. Bc4 Re8 25. Rd1 g5 26. hxg5 Qxg5 27. e4 Rxd6 28.
cxd6 Qxf4 29. Qxb7+ Ne7 30. Bb5 Nxe4 31. Bxe8+ Kg8 32. Qxe7 Qxf2+ 33. Kh1 Ng3+
34. Kh2 Nf1+ 35. Kh1 Ng3+ 36. Kh2 Nf1+ {Game drawn by mutual agreement} 1/2-1/2

[Event "Team 45 45 League T69"]
[Site "Internet Chess Club"]
[Date "2016.06.13"]
[Round "1"]
[White "swagnik"]
[Black "EndgamesMaster"]
[Result "1/2-1/2"]
[WhiteElo "1846"]
[BlackElo "2277"]
[Opening "Four knights: double Ruy Lopez"]
[ECO "C49"]
[Time "16:08:09"]
[TimeControl "2700+45"]

1. e4 e5 2. Nf3 Nf6 3. Nc3 Nc6 4. Bb5 Bb4 5. d3 Nd4 6. Ba4 c6 7. O-O Qa5 8. Nxd4
exd4 9. e5 Nd5 10. Nxd5 Qxd5 11. Bf4 O-O 12. Bb3 Qc5 13. a3 Ba5 14. Ba2 Bc7 15.
Re1 a5 16. Qg4 d5 17. Qg3 Bf5 18. Rac1 Bg6 19. h4 Rfe8 20. Qf3 h5 21. e6 Bxf4
22. exf7+ Bxf7 23. Qxf4 Rxe1+ 24. Rxe1 Qxc2 25. Re7 Rf8 26. Qxd4 {Game drawn by
mutual agreement} 1/2-1/2

[Event "Team 45 45 League T69"]
[Site "Internet Chess Club"]
[Date "2016.06.12"]
[Round "1"]
[White "jorobo"]
[Black "spand42"]
[Result "0-1"]
[WhiteElo "2054"]
[BlackElo "2029"]
[Opening "QGD semi-Slav: anti-Meran gambit"]
[ECO "D44"]
[Time "10:32:13"]
[TimeControl "2700+45"]

1. c4 c6 2. Nc3 d5 3. d4 Nf6 4. Nf3 e6 5. Bg5 dxc4 6. e4 b5 7. e5 h6 8. Bh4 g5
9. Nxg5 hxg5 10. Bxg5 Nbd7 11. exf6 Qb6 12. g3 Bb7 13. Bg2 O-O-O 14. O-O c5 15.
d5 b4 16. Rb1 Qa6 17. dxe6 Bxg2 18. e7 Bxf1 19. Qd5 Bxe7 20. fxe7 Bd3 21.
exd8=Q+ Rxd8 22. Ne4 Bxb1 23. Nd6+ Kc7 24. Bxd8+ Kxd8 25. Nb7+ Kc7 26. Qxd7+
Kxd7 27. Nxc5+ Kd6 28. Nxa6 c3 29. Nxb4 cxb2 {White resigns} 0-1

[Event "Team 45 45 League T69"]
[Site "Internet Chess Club"]
[Date "2016.06.11"]
[Round "1"]
[White "SlimeDog2"]
[Black "Percival"]
[Result "1-0"]
[WhiteElo "2003"]
[BlackElo "2078"]
[Opening "QGD Slav defense, Alekhine variation"]
[ECO "D10"]
[Time "02:48:39"]
[TimeControl "2700+45"]

1. d4 d5 2. c4 c6 3. Nc3 dxc4 4. e4 b5 5. a4 b4 6. Na2 Nf6 7. e5 Nd5 8. Bxc4 e6
9. Nf3 Be7 10. h4 h6 11. Qe2 a5 12. Qe4 Ba6 13. b3 Nd7 14. h5 N7b6 15. Bxa6 Rxa6
16. Qg4 Rh7 17. Bb2 Ra8 18. Nc1 Rc8 19. Nd3 Nd7 20. Rc1 c5 21. O-O Rc7 22. Rc2
cxd4 23. Rxc7 Qxc7 24. Nxd4 Kf8 25. Rc1 Qb7 26. Nb5 g5 27. Qe4 Kg7 28. Rc7 Qxc7
29. Nxc7 Nxc7 30. Qc6 {Black resigns} 1-0

[Event "Team 45 45 League T69"]
[Site "Internet Chess Club"]
[Date "2016.06.10"]
[Round "1"]
[White "nurmi"]
[Black "JefferyChess"]
[Result "0-1"]
[WhiteElo "2096"]
[BlackElo "1951"]
[Opening "English: Mikenas-Carls, Flohr variation"]
[ECO "A18"]
[Time "14:06:42"]
[TimeControl "2700+45"]

1. c4 Nf6 2. Nc3 e6 3. e4 d5 4. e5 d4 5. exf6 dxc3 6. bxc3 Qxf6 7. Nf3 b6 8. d4
Bb7 9. Be2 Bd6 10. O-O O-O 11. h3 h6 12. Qd3 Nd7 13. Nh2 Rad8 14. f4 Nc5 15. Qe3
Qg6 16. Bf3 Ne4 17. Ng4 f5 18. Nf2 c5 19. Re1 Qf6 20. Nxe4 fxe4 21. Bxe4 cxd4
22. cxd4 Bxf4 23. Qxf4 Qxd4+ 24. Be3 Rxf4 25. Bxd4 Rxe4 26. Rxe4 Bxe4 27. Be3
Rd3 28. Kf2 Rc3 29. Rc1 Ra3 30. Ra1 Ra5 31. a3 Kf7 32. g4 e5 33. Ke2 Ke6 34. Kd2
Bg2 35. h4 Bf3 36. g5 hxg5 37. hxg5 Kf5 38. Kc3 Ke4 39. Bd2 Be2 40. Kb3 Rc5 41.
Rc1 Kd4 42. Bc3+ Ke3 43. Bb4 Rc6 44. Bf8 g6 45. c5 Kd4 46. Re1 Bc4+ 47. Kc2 Bd3+
48. Kd2 bxc5 49. Bg7 Be4 50. Bf8 c4 51. Bb4 c3+ 52. Kc1 Bd3 {White resigns} 0-1

[Event "Team 45 45 League T69"]
[Site "Internet Chess Club"]
[Date "2016.06.08"]
[Round "1"]
[White "gump12345"]
[Black "f5"]
[Result "0-1"]
[WhiteElo "2039"]
[BlackElo "2122"]
[Opening "Ruy Lopez: closed, Chigorin defense"]
[ECO "C97"]
[Time "22:06:56"]
[TimeControl "2700+45"]

1. e4 e5 2. Nf3 Nc6 3. Bb5 a6 4. Ba4 Nf6 5. O-O Be7 6. Re1 b5 7. Bb3 O-O 8. h3
d6 9. c3 Na5 10. Bc2 c5 11. d4 Qc7 12. Nbd2 Bb7 13. d5 Bc8 14. b3 Nb7 15. a4 Bd7
16. Bd3 c4 17. bxc4 bxa4 18. Ba3 Nc5 19. Bc2 Rfb8 20. Bxc5 Qxc5 21. Bxa4 Bd8 22.
Bxd7 Nxd7 23. Qa4 Nf6 24. Nb3 Qc7 25. Nfd2 Qe7 26. c5 dxc5 27. Qc4 a5 28. Qxc5
Qd7 29. Qa3 Bb6 30. Nc4 a4 31. Nxb6 Rxb6 32. Nd2 Qc7 33. c4 Nd7 34. Reb1 Nc5 35.
Rxb6 Qxb6 36. Rb1 Qa5 37. Nf3 Nxe4 38. Nxe5 Qd2 39. Qf3 Qd4 40. Qxf7+ Kh8 41.
Nc6 Qxc4 42. Rb7 Qc1+ 43. Kh2 Qg5 44. Ra7 Rg8 45. Rxa4 Nf6 46. Ne7 Rb8 47. f4
Ng4+ {White resigns} 0-1